 Dungeon Crawl Stone Soup version 0.21-a0-529-g8c7b3f5 (webtiles) character file.

240 Amnesiac the Chucker (level 6, -2/62 HPs)
             Began as an Ogre Arcane Marksman on Dec 11, 2017.
             Was a Follower of Okawaru.
             Splashed by Ijyb's acid (15 damage)
             ... on level 2 of the Dungeon.
             The game lasted 00:09:47 (3351 turns).

Amnesiac the Chucker (Ogre Arcane Marksman)         Turns: 3351, Time: 00:09:48

Health: -2/62      AC:  4    Str: 15    XL:     6   Next: 8%
Magic:  9/9        EV: 10    Int: 13    God:    Okawaru [*.....]
Gold:   66         SH:  0    Dex: 10    Spells: 6/9 levels left

rFire    . . .     SeeInvis .   a - +1 spear (flame)
rCold    . . .     Gourm    .   (no shield)
rNeg     . . .     Faith    .   c - +0 robe
rPois    .         Spirit   .   (helmet restricted)
rElec    .         Reflect  .   y - +0 cloak
rCorr    .         Harm     .   (gloves unavailable)
MR       +....                  (boots unavailable)
Stlth    +.........             (no amulet)
HPRegen  0.20/turn              l - -2 ring of intelligence (curse)
MPRegen  0.11/turn              p - ring of protection from magic

@: no status effects
A: large, unfitting armour, tough skin 1
a: Heroism, Renounce Religion


You were on level 2 of the Dungeon.
You worshipped Okawaru.
Okawaru was aware of your devotion.
You were not hungry.

You visited 1 branch of the dungeon, and saw 3 of its levels.

You collected 66 gold pieces.

Inventory:

Hand Weapons
 a - a +1 spear of flaming (weapon)
 b - a +0 hunting sling
 j - a +0 spear
 A - a +3 quarterstaff of chaos
Missiles
 d - 2 throwing nets
 n - 116 stones
 r - 4 large rocks (quivered)
Armour
 c - a +0 robe (worn)
 y - a +0 cloak (worn)
Jewellery
 l - a cursed -2 ring of intelligence (left hand)
 p - a ring of protection from magic (right hand)
Wands
 z - a wand of flame (22)
Scrolls
 h - a scroll of enchant weapon {!r, unknown}
 k - a scroll of enchant armour {!r, unknown}
 q - a scroll of amnesia {!r, unknown}
 t - a scroll of teleportation {!r, unknown}
Potions
 e - a potion of invisibility {!q}
 g - a potion of agility {!q, unknown}
 m - a potion of brilliance {!q}
 s - a potion of heal wounds {!q}
 u - a potion of curing {!q}
 v - a potion of haste {!q}
Books
 w - a book of Debilitation

   Spells                             Type                      Level
   a - Corona                         Hexes                        1
   b - Slow                           Hexes                        2
   c - Inner Flame                    Hexes/Fire                   3
   d - Portal Projectile              Hexes/Translocation          3
   e - Cause Fear                     Hexes                        4
   f - Leda's Liquefaction            Hexes/Earth                  4
Comestibles
 f - 3 bread rations
 i - a meat ration
 o - 6 fruits


   Skills:
 + Level 4.1 Fighting
 * Level 4.9 Throwing
 - Level 1.7 Dodging
 - Level 2.0 Spellcasting
 - Level 3.0 Hexes


You had 6 spell levels left.
You knew the following spells:

 Your Spells              Type           Power        Failure   Level  Hunger
a - Corona                Hex            #......      8%          1    ##.....
e - Slow                  Hex            #.......     11%         2    ###....


Dungeon Overview and Level Annotations

Branches:
Dungeon (3/15)

Altars:
Fedhas
Okawaru
The Shining One

Annotations:
D:2 Ijyb


Innate Abilities, Weirdness & Mutations

You are too large for most types of armour.
You have tough skin. (AC +1)


Message History

The orc is heavily wounded.
Throwing (i - inventory. (,) - cycle):
n - 119 stones (quivered)
Press: ? - help, Shift-Dir - straight line, f/p - orc
Aim: an orc, wearing a scale mail (heavily wounded)
You throw a stone.
The stone hits the orc but does no damage.
The orc is heavily wounded.
Throwing (i - inventory. (,) - cycle):
n - 118 stones (quivered)
Press: ? - help, Shift-Dir - straight line, f/p - orc
Aim: an orc, wearing a scale mail (moderately wounded)
You throw a stone. The stone hits the orc.
The orc is heavily wounded.
Ijyb the Twisted Goblin comes into view.
Ijyb shouts!
Evoke which item? (* to show all) (? for menu, Esc to quit)
Okay, then.
Ijyb screams, "No!
No, no, no, no!"
You see here a whip.
There is a stone staircase leading up here.
Throwing (i - inventory. (,) - cycle):
n - 117 stones (quivered)
Press: ? - help, Shift-Dir - straight line, f/p - orc
Aim: an orc, wearing a scale mail (heavily wounded)
You throw a stone. The stone barely misses the orc.
The stone barely misses Ijyb.
Attack whom?
Press: ? - help, Dir - move target cursor, f/p - orc
Aim: an orc, wearing a scale mail (heavily wounded)
You reach to attack!
You hit the orc but do no damage.
The orc is heavily wounded.
Ijyb zaps a wand.
The bolt of acid hits the orc.
The orc is splashed with acid.
The acid corrodes the orc!
The orc dies!
The bolt of acid hits you! The acid corrodes you!
You are splashed with acid!
The acid burns!
It is a wand of acid (9).
Ijyb zaps a wand.
The bolt of acid hits you!
You are splashed with acid!
The acid burns!
* * * LOW HITPOINT WARNING * * *
You climb upwards.
There is a stone staircase leading down here.
You start resting.
You are no longer corroded.
You start resting.
HP restored.
You start resting.
HP restored.
Quiver which item? (- for none, * to show all) (? for menu, Esc to quit)
Quivering
r - 4 large rocks for throwing.
All of the chunks of flesh in your inventory have rotted away.
You climb downwards.
Level annotation: Ijyb Ijyb zaps a wand.
The bolt of acid hits you!
You are splashed with acid!
The acid burns!
* * * LOW HITPOINT WARNING * * *
There is a stone staircase leading up here.
Ijyb screams, "Me kill you!" Ijyb hits you.
* * * LOW HITPOINT WARNING * * *
You climb upwards.
There is a stone staircase leading down here.
There is an open door here.
Ijyb zaps a wand.
The bolt of acid hits you!
* * * LOW HITPOINT WARNING * * *
You are splashed with acid!
The acid burns!
You die...

.##.# ##.## #.## .##.#
#.# #..# .##.# #.# ##.#
....# ##+#* #.# .####
##...## #.# .# ##.....##
###.# .# ##.......##
##.#.##
.####.........####<....##
....'.........g.@......)#
.####........>####.....##
.# *#.......## ##.#.## ##
##.....## ###.# ##...##
#[# ##'## #.# # #.# #.#
## #.# *,* ≈##
##.########***,*


You could see Ijyb.

Vanquished Creatures
  Crazy Yiuf (D:2)
  Natasha (thrice) (D:2)
  Robin (D:2)
  4 gnolls (D:2)
  3 adders (D:2)
  2 worms (D:2)
  4 giant cockroaches
  18 goblins
  9 hobgoblins
  A ball python (D:2)
  A bat (D:1)
  2 frilled lizards
  6 kobolds
  A rat (D:2)
56 creatures vanquished.

Vanquished Creatures (others)
  An orc (D:3)
1 creature vanquished.

Grand Total: 57 creatures vanquished

Notes
Turn   | Place    | Note
-------+----------+-------------------------------------------
     0 | D:1      | Amnesiac the Ogre Arcane Marksman began the quest for the Orb.
     0 | D:1      | Reached XP level 1. HP: 19/19 MP: 2/2
   228 | D:1      | Reached XP level 2. HP: 28/28 MP: 0/4
   232 | D:1      | Learned a level 2 spell: Slow
   613 | D:2      | Reached XP level 3. HP: 4/35 MP: 1/5
   639 | D:2      | Found an iron altar of Okawaru.
   886 | D:2      | Became a worshipper of Warmaster Okawaru
  1205 | D:2      | Noticed Robin
  1297 | D:2      | Killed Robin
  1301 | D:2      | Reached XP level 4. HP: 10/44 MP: 7/7
  1690 | D:2      | Found a runed door.
  2087 | D:2      | Reached XP level 5. HP: 20/53 MP: 5/8
  2121 | D:2      | Found a glowing golden altar of the Shining One.
  2121 | D:2      | Found a blossoming altar of Fedhas.
  2217 | D:2      | Noticed Natasha
  2218 | D:2      | Killed Natasha
  2624 | D:2      | Noticed Natasha
  2626 | D:2      | Killed Natasha
  2693 | D:2      | Noticed Crazy Yiuf
  2697 | D:2      | Killed Crazy Yiuf
  2926 | D:2      | Found an iron altar of Okawaru.
  2980 | D:2      | Noticed Natasha
  2993 | D:2      | Killed Natasha
  2993 | D:2      | Reached * piety under Okawaru
  2993 | D:2      | Reached XP level 6. HP: 48/62 MP: 5/9
  3128 | D:3      | Noticed Ijyb
  3351 | D:2      | Splashed by Ijyb's acid

Vault maps used:
D:1:      roderic_crop_circles_arrival_small
D:2:      gammafunk_temple_overflow_elements, okawaru_altar_gauntlet_db,
          uniq_natasha, uniq_robin, uniq_crazy_yiuf_cottage
D:3:      brannock_xom_greatest_gift, first_bread, uniq_ijyb

Skill      XL: |  1  2  3  4  5 |
---------------+----------------+-----
Fighting       | 2 3 4 |  4.1
Hexes          | 3 |  3.0
Spellcasting   | 2 |  2.0
Throwing       | 3 4 |  4.9
Dodging        | |  1.7

Action                   |  1- 3 |  4- 6 || total
-------------------------+-------+-------++-------
Melee: Unarmed           |    17 |       ||    17
       Spear             |    54 |    97 ||   151
Throw: Large rock        |    11 |    13 ||    24
       Stone             |     8 |    15 ||    23
       Throwing net      |     1 |       ||     1
 Cast: Corona            |    21 |    33 ||    54
       Slow              |       |     1 ||     1
  Use: Potion            |     2 |       ||     2
       Scroll            |     1 |     2 ||     3
 Stab: Invisible         |     1 |       ||     1
  Eat: Chunk             |     1 |     8 ||     9
Armor: Robe              |    34 |    17 ||    51
Dodge: Dodged            |    67 |    38 ||   105

Table legend:
 A = Spawn XP
 B = Non-spawn XP
 C = Spawn XP percentage of total XP
 D = Spawn monster count
 E = Non-spawn monster count
 F = Spawn count percentage of total count
 G = Total turns spent on level
                    A         B        C        D         E        F      G
               +---------+---------+-------+---------+---------+-------+---------
         Total |       0 |     344 |   0.0 |       0 |      57 |   0.0 |  3351
               +---------+---------+-------+---------+---------+-------+---------
           D:1 |       0 |      16 |   0.0 |       0 |      10 |   0.0 |   554
           D:2 |       0 |     324 |   0.0 |       0 |      45 |   0.0 |  2742
           D:3 |       0 |       4 |   0.0 |       0 |       2 |   0.0 |    55
               +---------+---------+-------+---------+---------+-------+---------
